 Dungeon Crawl Stone Soup version bcrawl-1.41.1 (webtiles) character file.

Game seed: 5210492698688045798

410837 TheWayOfAllFlesh the Destroyer (level 13, -5/108 HPs)
             Began as a Red Draconian Conjurer on Apr 21, 2024.
             Was the Champion of Sif Muna.
             Splashed by an oklob plant's acid (14 damage)
             ... on level 3 of the Lair of Beasts.
             The game lasted 00:50:12 (16106 turns).

TheWayOfAllFlesh the Destroyer (DrCj)              Turns: 16106, Time: 00:50:13

Health: -5/108     AC: -2    Str: 11    XL:     13   Next: 22%
Magic:  17/27      EV: 11    Int: 20    God:    Sif Muna [******]
Gold:   576        SH:  6    Dex: 12    Spells: 10/33 levels left

rFire    + . .     GDR:     24% u - staff of conjuration
rCold    . . .     Archmagi +   S - +0 buckler
rNeg     . . .     SeeInvis .   (armour unavailable)
rPois    .         Gourm    .   (helmet restricted)
rElec    .         Faith    .   M - +1 cloak
rCorr    .         Spirit   .   L - +2 pair of gloves
MR       ++...     Reflect  .   y - +0 pair of boots
Stlth    ++........             (no amulet)
HPRegen  0.28/turn              n - ring of protection from magic
MPRegen  0.20/turn              A - ring of the Mage {MR+ Archmagi}

@: corroded
A: breathe fire, unfitting armour, fire resistance 1, cold-blooded, AC +8
a: Breathe Fire, Divine Energy, Channel Magic, Forget Spell, Moment of Magic,
Renounce Religion


You were on level 3 of the Lair of Beasts.
You worshipped Sif Muna.
Sif Muna was exalted by your worship.
You were hungry.

You visited 2 branches of the dungeon, and saw 13 of its levels.
You also visited: Ossuary.

You collected 1136 gold pieces.
You spent 560 gold pieces at shops.

Inventory:

Hand Weapons
 f - a +0 vampiric dagger
 q - a +0 spear
 K - a +0 dagger of pain
Missiles
 j - 28 curare-tipped needles
 t - 2 throwing nets {=f}
Armour
 y - a +0 pair of boots (worn)
 L - a +2 pair of gloves (worn)
 M - a +1 cloak (worn)
 S - a +0 buckler (worn)
Magical Staves
 u - an uncursed staff of conjuration (weapon)
 R - an uncursed staff of earth
Jewellery
 a - the ring of Zenlyon {Ice rElec}
   (You found it on level 3 of the Dungeon)

   [ring of ice]

   It enhances your ice magic.
   It makes you vulnerable to fire.
   It protects you from cold.
   It insulates you from electricity.
 n - a ring of protection from magic (left hand)
 z - an uncursed ring of protection from cold
 A - the ring of the Mage (right hand) {MR+ Archmagi}
   (You found it on level 4 of the Dungeon)

   [ring of protection from magic]

   It affects your resistance to hostile enchantments.
   It increases the power of your magical spells.
 B - a cursed -3 ring of protection {unknown}
 O - the ring "Raco" {+Inv +Fly}
   (You took it off a centaur on level 7 of the Dungeon)

   [ring of flight]

   It lets you turn invisible.
   It lets you fly.
Wands
 r - a wand of flame (20)
 s - a wand of iceblast (11)
 N - a wand of polymorph (15)
 U - a wand of acid (8)
Scrolls
 d - 7 scrolls of teleportation
 h - 2 scrolls of enchant armour
 i - a scroll of identify
 k - a scroll of blinking
 m - 4 scrolls of fog
 H - 3 scrolls of revelation
 J - 2 scrolls of remove curse
 P - a scroll of immolation
Potions
 b - a potion of magic
 c - 3 potions of might
 g - a potion of brilliance
 l - 5 potions of cancellation
 o - 3 potions of ambrosia
 p - 5 potions of heal wounds
 v - 4 potions of haste
 w - a potion of flight {unknown}
 x - 4 potions of mutation {unknown}
 C - a potion of curing
 D - a potion of agility {unknown}
 E - 6 potions of resistance
 F - a potion of invisibility {unknown}
 G - 2 potions of degeneration {unknown}
 I - 2 potions of berserk rage {unknown}
Miscellaneous
 Q - a lightning rod (4/4)
Comestibles
 e - 29 rations {!d}


   Skills:
 + Level 8.5 Fighting
 - Level 1.7 Dodging
 - Level 2.0 Stealth
 - Level 6.0 Shields
 + Level 10.8 Spellcasting
 + Level 12.5 Conjurations
 + Level 7.7 Hexes
 - Level 8.1 Transmutations
 * Level 3.4 Fire Magic


You had 10 spell levels left.
You knew the following spells:

 Your Spells              Type           Power        Failure   Level  Hunger
a - Magic Dart            Conj           ####         1%          1    None
b - Searing Ray           Conj           #######.     1%          2    None
c - Iskenderun's Mystic   Conj           #######.     1%          3    None
d - Fulminant Prism       Conj/Hex       #######...   1%          4    None
e - Irradiate             Conj/Tmut      #######...   4%          5    None
f - Ignition              Hex/Fire       #####.....   100%        8    #######

Your spell library contained the following spells:

 Spells                   Type           Power        Failure   Level  Hunger
 Beastly Appendage        Tmut           ######       1%          1    None
 Sticks to Snakes         Tmut           ######..     1%          2    None
 Conjure Flame            Conj/Fire      #######.     1%          3    None
 Dazzling Orbs            Conj/Hex       #######      1%          3    None
 Ensorcelled Hibernation  Hex/Ice        #####.       3%          2    None
 Passwall                 Tmut/Erth      #####...     3%          2    None
 Cause Fear               Hex            ######....   4%          4    None
 Mephitic Cloud           Conj/Pois/Air  ######..     6%          3    None
 Spider Form              Tmut/Pois      ###          6%          3    None
 Ignite Poison            Fire/Tmut/Pois #####...     7%          3    None
 Blade Hands              Tmut           ######....   12%         5    ###....
 Blink                    Tloc           N/A          17%         2    None
 Call Imp                 Summ           ###...       17%         2    None
 Ice Form                 Ice/Tmut       #####...     22%         4    None
 Petrify                  Tmut/Erth      #####.....   22%         4    None
 Bolt of Draining         Conj/Necr      ######....   24%         5    None
 Ozocubu's Armour         Chrm/Ice       ###.....     34%         3    None
 Vampiric Draining        Necr           ###.......   34%         3    None
 Iron Shot                Conj/Erth      ######....   80%         6    None
 Dispel Undead            Necr           ###.....     97%         5    ###....
 Lehudib's Crystal Spear  Conj/Erth      ######....   100%        8    None
 Necromutation            Tmut/Necr      #####...     100%        8    #######


Dungeon Overview and Level Annotations

Branches:
Dungeon (10/12)            Temple (0/1) D:6            Lair (3/6) D:8
 Shoals (0/3) Lair:2       Spider (0/3) Lair:3          Orc (0/1) D:10

Altars:
Ashenzari
Dithmenos
Elyvilon
Gozag
Hepliaklqana
Lugonu
Makhleb
Qazlal
Ru
Sif Muna
Trog
Uskayaw
Vehumet
Wu Jian
Yredelemnul
Zin

Shops:
D:5 (   D:6 }   D:7 !   D:10 (

Annotations:
D:5 5 runed doors
D:6 2 transporters, yrara's ghost, novice DsFi
Lair:1 1 runed translucent door, rumpelstilzz's ghost, novice TrHu
Lair:2 1 runed door
Lair:3 exclusion: 2 oklob plants


Innate Abilities, Weirdness & Mutations

You can breathe blasts of fire.
Your fiery red scales are hard. (AC +8)
You cannot fit into any form of body armour.
Your flesh is heat resistant. (rF+)
You are cold-blooded and may be slowed by cold attacks.


Message History

The oklob plant spits acid at you. The splash of acid hits you!
The acid corrodes you!
You are splashed with acid!
Casting: Fulminant Prism (safe; 1% risk of failure)
Confirm with . or Enter, or press ? or * to list all spells.
Aiming: Fulminant Prism (safe; 1% risk of failure)
Press: ? - help, Dir - move target cursor You feel a strong surge of power!
You conjure a prism of explosive energy!
The oklob plant spits acid at you. The splash of acid hits you!
The acid corrodes you!
You are splashed with acid!
The oklob plant spits acid at you. The splash of acid hits you!
* * * LOW HITPOINT WARNING * * *
The acid corrodes you!
You are splashed with acid!
* * * LOW HITPOINT WARNING * * *
The oklob plant spits acid at you. The splash of acid hits you!
* * * LOW HITPOINT WARNING * * *
You are splashed with acid!
You die...

##...........####...#.##........
##.#.....#########.### .......
###.......###..##.#.### P......
#..........#........... ......
###.....................
##......................
........................
........................
.#..............@.......
###.......#......#.....#
#......P##.....# .*?P#
###...#####....# P}.# #####
####.# ..# ### .# #


You could see 2 oklob plants and a friendly fulminant prism.

Vanquished Creatures
  3 hydras
  2 two-headed ogres (D:9)
  3 death yaks
  A deep elf mage (D:10)
  2 ugly things (D:10)
  An elephant (Lair:3)
  2 black mambas
  A torpor snail (Lair:2)
  6 cane toads
  6 gargoyles
  2 rime drakes (Lair:3)
  A kobold demonologist (D:10)
  3 jumping spiders (Lair:3)
  6 komodo dragons
  An eye of draining (D:10)
  2 trolls (D:8)
  2 meliai (D:10)
  6 blink frogs (Lair:3)
  A harpy skeleton (D:9)
  2 hippogriffs
  11 yaks
  2 shadows (D:10)
  3 basilisks
  2 hungry ghosts (D:9)
  3 wargs
  2 steam dragons (D:8)
  2 redbacks (Lair:3)
  3 crocodiles
  3 water moccasins
  15 porcupines
  Duvessa (D:7)
  3 hornet zombies
  A cane toad skeleton (D:7)
  3 orc warriors
  3 soldier ants (D:10)
  4 sky beasts
  2 phantoms (D:8)
  2 ice beasts
  9 ogres
  8 wolves
  7 kobold brigands
  9 bullfrogs
  3 elf zombies (Ossuary)
  Blork the orc (D:4)
  2 centaurs (D:7)
  2 wyvern skeletons
  2 scorpions
  Dowan (D:7)
  14 killer bees
  4 wights (D:9)
  4 electric eels
  4 howler monkeys
  6 orc priests
  3 crimson imps
  7 hounds
  Crazy Yiuf (D:5)
  A human zombie (Ossuary)
  5 bullfrog skeletons
  5 jellies
  8 orc wizards
  2 iguanas
  2 hell rats (D:8)
  17 worker ants
  A porcupine skeleton (D:10)
  5 killer bee zombies
  2 hound zombies
  2 hound skeletons
  3 mummies (Ossuary)
  A centaur zombie (Ossuary)
  A worker ant zombie (D:9)
  2 howler monkey skeletons
  A river rat (D:8)
  A scorpion zombie (D:5)
  10 adders
  7 gnolls
  A shadow imp (D:7)
  An ooze (D:4)
  An adder skeleton (D:6)
  4 adder zombies
  6 worms
  3 dart slugs
  3 leopard geckos
  35 orcs
  2 giant cockroaches
  2 gnoll zombies (Ossuary)
  4 goblins
  10 hobgoblins
  17 jackals
  23 kobolds
  2 quokkas
  2 ball pythons
  4 bats
  4 frilled lizards
  8 goblin zombies (Ossuary)
  6 hobgoblin zombies (Ossuary)
  A jackal zombie (Ossuary)
  3 kobold zombies (Ossuary)
  5 quokka zombies (Ossuary)
  14 rats
  4 rat zombies (Ossuary)
  A spectral kobold (D:8)
  A plant (Lair:3)
448 creatures vanquished.

Vanquished Creatures (others)
  28 fulminant prisms
  16 fungi
  11 plants
55 creatures vanquished.

Grand Total: 503 creatures vanquished

Notes
Turn   | Place    | Note
-------+----------+-------------------------------------------
     0 | D:1      | TheWayOfAllFlesh the Draconian Conjurer began the quest for
                  | the Orb.
     0 | D:1      | Reached XP level 1. HP: 14/14 MP: 3/3
   296 | D:1      | Reached XP level 2. HP: 20/20 MP: 3/5
   310 | D:1      | Learned a level 2 spell: Searing Ray
  1036 | D:2      | Reached XP level 3. HP: 26/26 MP: 1/6
  1417 | D:2      | Learned a level 3 spell: Iskenderun's Mystic Blast
  1546 | D:2      | Found a stormy altar of Qazlal.
  1546 | D:2      | Noticed a fire elemental
  1549 | D:2      | Noticed a water elemental
  1549 | D:2      | Noticed an earth elemental
  1549 | D:2      | Noticed an air elemental
  1603 | D:2      | Found a shattered altar of Ashenzari.
  2221 | D:3      | Reached skill level 5 in Conjurations
  2232 | D:3      | Reached XP level 4. HP: 33/33 MP: 0/8
  2748 | D:3      | Got a clouded wooden ring
  2761 | D:3      | Reached XP level 5. HP: 34/38 MP: 0/10
  3473 | D:4      | Found a white marble altar of Elyvilon.
  3518 | D:4      | Reached skill level 6 in Conjurations
  3524 | D:4      | Reached XP level 6. HP: 20/45 MP: 0/12
  3760 | D:4      | Noticed Blork the orc
  3805 | D:4      | Killed Blork the orc
  4053 | D:4      | Reached skill level 5 in Spellcasting
  4182 | D:4      | Found the ring of the Mage {MR+ Archmagi}
  4224 | D:4      | Your scales start taking on a fiery red colour.
  4224 | D:4      | Reached XP level 7. HP: 50/50 MP: 7/14
  4224 | D:4      | Gained mutation: Your flesh is heat resistant. (rF+) [Red
                  | Draconian growth]
  4479 | D:4      | Reached skill level 7 in Conjurations
  4558 | D:5      | Entered Level 5 of the Dungeon
  4612 | D:5      | Found the +9 staff of Olgreb {+Poison rPois}
  4615 | D:5      | Found a runed door.
  4632 | D:5      | Found a runed door.
  4640 | D:5      | Found a runed gate.
  4679 | D:5      | Found a runed gate.
  4755 | D:5      | Found a sand-covered staircase.
  4818 | Ossuary  | Entered an ossuary
  5079 | Ossuary  | Reached XP level 8. HP: 57/57 MP: 17/17
  5295 | Ossuary  | Reached skill level 8 in Conjurations
  5494 | D:5      | Identified the ring of Zenlyon {Ice rElec} (You found it on
                  | level 3 of the Dungeon)
  5998 | D:5      | Found a runed door.
  6002 | D:5      | Noticed Crazy Yiuf
  6004 | D:5      | Killed Crazy Yiuf
  6073 | D:5      | Found Atso's Antique Weapon Emporium.
  6158 | D:5      | Found a runed gate.
  6230 | D:5      | Reached skill level 9 in Conjurations
  6391 | D:6      | Found a transporter.
  6431 | D:6      | Learned a level 4 spell: Fulminant Prism
  6437 | D:6      | Learned a level 5 spell: Irradiate
  6489 | D:5      | Reached skill level 1 in Hexes
  6532 | D:6      | Reached XP level 9. HP: 62/62 MP: 11/20
  6669 | D:6      | Identified the +5 ring mail of Pantheism {MP+9}
  6671 | D:6      | Noticed yrara's ghost (novice DsFi)
  6688 | D:6      | Found a transporter.
  6721 | D:6      | Found Kihoppun's Gadget Shop.
  7267 | D:6      | Found a staircase to the Ecumenical Temple.
  7326 | D:6      | Found a shimmering blue altar of Sif Muna.
  7332 | D:6      | Became a worshipper of Sif Muna the Loreminder
  7555 | D:7      | Reached skill level 1 in Fighting
  7590 | D:7      | Found Purphedo's Distillery.
  7612 | D:7      | Bought 2 potions of resistance for 280 gold pieces
  7612 | D:7      | Bought a potion of haste for 140 gold pieces
  7612 | D:7      | Bought a potion of heal wounds for 70 gold pieces
  7612 | D:7      | Bought a potion of heal wounds for 70 gold pieces
  7634 | D:7      | Reached skill level 10 in Conjurations
  7717 | D:7      | Found a shadowy altar of Dithmenos.
  7742 | D:7      | Noticed Duvessa
  7742 | D:7      | Noticed Dowan
  7749 | D:7      | Killed Dowan
  7752 | D:7      | Killed Duvessa
  7753 | D:7      | Reached * piety under Sif Muna
  8035 | D:7      | Found a bloodstained altar of Trog.
  8152 | D:7      | Found a corrupted altar of Lugonu.
  8155 | D:7      | Found a burning altar of Makhleb.
  8158 | D:7      | Found a sacrificial altar of Ru.
  8159 | D:7      | Found a basalt altar of Yredelemnul.
  8161 | D:7      | Found a radiant altar of Vehumet.
  8164 | D:7      | Found a hide-covered altar of Uskayaw.
  8209 | D:7      | Identified the ring "Raco" {+Inv +Fly}
  8319 | D:8      | Noticed a troll
  8325 | D:8      | Killed a troll
  8326 | D:8      | Reached XP level 10. HP: 77/77 MP: 1/22
  8439 | D:8      | Identified Sif Muna's Almanac of Damaging Enchantment (Sif
                  | Muna gifted it to you on level 8 of the Dungeon)
  8439 | D:8      | Received a gift from Sif Muna
  8445 | D:8      | Reached skill level 1 in Transmutations
  8547 | D:8      | Reached ** piety under Sif Muna
  8790 | D:8      | Noticed a death yak
  8988 | D:8      | Found a hazy altar of Hepliaklqana.
  9043 | D:8      | Found a staircase to the Lair.
  9057 | D:8      | Noticed a death yak
  9205 | D:8      | Reached skill level 1 in Shields
  9295 | D:8      | Noticed a death yak
  9301 | D:8      | Killed a death yak
  9302 | D:8      | Reached *** piety under Sif Muna
  9336 | D:7      | Killed a death yak
  9337 | D:7      | Reached skill level 11 in Conjurations
  9401 | D:8      | Killed a death yak
  9402 | D:8      | Reached skill level 5 in Fighting
  9402 | D:8      | Reached XP level 11. HP: 53/86 MP: 9/24
  9576 | D:8      | Got a steaming hunting sling
  9666 | D:9      | Noticed a two-headed ogre
  9672 | D:9      | Killed a two-headed ogre
  9673 | D:9      | Reached skill level 5 in Transmutations
  9753 | D:9      | Reached **** piety under Sif Muna
  9973 | D:9      | Noticed a two-headed ogre
  9987 | D:9      | Killed a two-headed ogre
 10059 | D:9      | Found an opulent altar of Gozag.
 10059 | D:9      | Found a glowing silver altar of Zin.
 10582 | D:9      | Reached skill level 5 in Shields
 10588 | D:9      | Identified Vuachar's Compendium of Ignition and Clay (Sif
                  | Muna gifted it to you on level 9 of the Dungeon)
 10588 | D:9      | Received a gift from Sif Muna
 10727 | D:9      | Found an ornate altar of the Wu Jian Council.
 10932 | D:10     | Entered Level 10 of the Dungeon
 10932 | D:10     | Noticed a deep elf mage
 10934 | D:10     | Killed a deep elf mage
 11022 | D:10     | Found Isithu Icwo's Weapon Emporium.
 11022 | D:10     | Found a staircase to the Orcish Mines.
 11078 | D:10     | Noticed a white ugly thing
 11084 | D:10     | Reached ***** piety under Sif Muna
 11283 | D:10     | Noticed a white ugly thing
 11298 | D:10     | Killed a white ugly thing
 11735 | D:10     | Reached XP level 12. HP: 97/97 MP: 12/25
 11877 | D:10     | Noticed a five-headed hydra
 11885 | D:10     | Killed a five-headed hydra
 11886 | D:10     | Reached skill level 10 in Spellcasting
 11923 | D:10     | Found a sacrificial altar of Ru.
 12041 | D:10     | Reached skill level 5 in Hexes
 12293 | D:10     | Identified the +7 hunting sling of the Realm of Zot
                  | {freeze, Fragile +Fly rC+ Dex+7} (You found it on level 8
                  | of the Dungeon)
 12312 | D:10     | Reached ****** piety under Sif Muna
 12835 | Lair:1   | Entered Level 1 of the Lair of Beasts
 13028 | Lair:1   | Reached skill level 12 in Conjurations
 13308 | Lair:1   | Identified Futanaek's Incunabulum of Congealing Necromancy
                  | (Sif Muna gifted it to you on level 1 of the Lair of
                  | Beasts)
 13308 | Lair:1   | Received a gift from Sif Muna
 13489 | Lair:1   | Found a runed translucent door.
 13872 | Lair:1   | Noticed rumpelstilzz's ghost (novice TrHu)
 13964 | Lair:2   | Found a staircase to the Shoals.
 13964 | Lair:2   | Found a runed door.
 14287 | Lair:2   | Noticed an eight-headed hydra
 14292 | Lair:2   | Killed an eight-headed hydra
 14439 | Lair:2   | Noticed a seven-headed hydra
 14446 | Lair:2   | Killed a seven-headed hydra
 15095 | Lair:3   | Learned a level 8 spell: Ignition
 15104 | Lair:3   | Reached XP level 13. HP: 88/107 MP: 17/27
 15131 | Lair:3   | Reached skill level 1 in Fire Magic
 15724 | Lair:3   | Found a hole to the Spider Nest.
 16106 | Lair:3   | Splashed by an oklob plant's acid

Skill      XL: |  1  2  3  4  5  6  7  8  9 10 11 12 13 |
---------------+----------------------------------------+-----
Conjurations   | 5 6 7 9 10 11 12 | 12.5
Spellcasting   | 3 4 5 6 7 8 9 10 | 10.8
Hexes          | 1 4 7 |  7.7
Fighting       | 3 5 6 8 |  8.5
Transmutations | 4 7 8 |  8.1
Shields        | 3 6 |  6.0
Fire Magic     | 3 |  3.4
Dodging        | |  1.7
Stealth        | |  2.0

Action                   |  1- 3 |  4- 6 |  7- 9 | 10-12 | 13-15 || total
-------------------------+-------+-------+-------+-------+-------++-------
Melee: Dagger            |    28 |       |       |       |       ||    28
       Tailslap          |     3 |     4 |     4 |       |       ||    11
       Spear             |     4 |    34 |    64 |       |       ||   102
 Cast: Magic Dart        |    81 |    89 |   122 |   240 |    14 ||   546
       Searing Ray       |    11 |    12 |    32 |    58 |    11 ||   124
       Iskenderun's Myst |       |     4 |    47 |   149 |    23 ||   223
       Fulminant Prism   |       |       |     1 |    18 |    10 ||    29
       Irradiate         |       |       |       |     2 |       ||     2
 Abil: Breathe Fire      |       |       |    13 |    14 |       ||    27
  Use: Scroll            |     3 |     5 |     4 |     8 |     1 ||    21
       Potion            |       |       |       |       |     2 ||     2
 Stab: Sleeping          |       |       |     1 |       |       ||     1
  Eat: Chunk             |     7 |    11 |    18 |    33 |     4 ||    73
       Ration            |       |       |     1 |       |       ||     1
Armor: Skin              |    17 |    25 |    74 |    67 |     9 ||   192
Dodge: Dodged            |    32 |    59 |    94 |   108 |    10 ||   303
Block: Buckler           |       |       |       |    41 |     8 ||    49
